 Zot Defence DCSS version 0.15.2 (webtiles) character file.

104890 ololoev the Scorcher (level 15, -19/69 (72) HPs)
             Began as a Deep Elf Conjurer on Mar 12, 2015.
             Was a High Priest of Vehumet.
             Killed by an exploding giant spore (38 damage)
             ... summoned by the player character
             ... set off by their pet
             ... in the Realm of Zot (Scenario I: Hall of Zot).
             The game lasted 00:46:12 (3300 turns).

ololoev the Scorcher (Deep Elf Conjurer)            Turns: 3300, Time: 00:46:12

HP -19/69 (72)   AC  2     Str  4 (5)  XL: 15   Next: 93%
MP  12/38        EV 12     Int 27      God: Vehumet [*****.]
Gold 0           SH  0     Dex 17      Spells:  7 memorised, 20 levels left

rFire  + . .     SeeInvis .     (no weapon)
rCold  . . .     Clarity  .     l - +1 robe {rF+} (curse)
rNeg   . . .     rCorr    .     k - +5 shield of the Loofah {rElec}
rPois  .         rRot     .     (no helmet)
rElec  +         Spirit   .     (no cloak)
SustAb .         Warding  .     (no gloves)
rMut   .         Stasis   .     (no boots)
Gourm  .                        (no amulet)
MR     +....                    (no ring)
                                (no ring)

@: confused, somewhat resistant to hostile enchantments, very unstealthy
A: agile 1, deformed body, forlorn
a: Make oklob sapling, Make arrow trap, Make plant, Remove Curse, Make burning
bush, Make altar, Make grenades, Make oklob plant, Make net trap, Make ice
statue, Make spear trap, Make alarm trap, Make mushroom circle, Make bolt trap,
Make crystal statue, Make needle trap, Renounce Religion


You were in the Realm of Zot.
You worshipped Vehumet.
Vehumet was extremely pleased with you.
You were not hungry.

You visited 1 branch

Inventory:

Armour
 k - the +5 shield of the Loofah (worn) {rElec}
   (You took it off Donald in the Realm of Zot)

   It insulates you from electricity.
 l - a cursed +1 robe of fire resistance (worn)
Comestibles
 d - a bread ration
Scrolls
 i - a scroll of blinking
Potions
 b - 3 potions of curing
 e - a potion of heal wounds
 f - a potion of haste
 g - 2 potions of magic
 h - a potion of berserk rage
Books
 c - a book of Conjurations

   Spells                             Type                      Level
   *Magic Dart                        Conjuration                  1
   Searing Ray                        Conjuration                  2
   Dazzling Spray                     Conjuration/Hexes            3
   *Fulminant Prism                   Conjuration/Hexes            4
   Iskenderun's Mystic Blast          Conjuration                  4
   *Iskenderun's Battlesphere         Conjuration/Charms           5


   Skills:
 - Level 2.4 Dodging
 - Level 2.4 Stealth
 - Level 10.1 Shields
 + Level 13.8 Spellcasting
 * Level 17.1 Conjurations
 - Level 4.2 Hexes
 - Level 7.5 Charms
 * Level 17.6 Fire Magic


You had 20 spell levels left.
You knew the following spells:

 Your Spells              Type           Power        Failure   Level  Hunger
a - Magic Dart            Conj           ####         0%          1    None
b - Fulminant Prism       Conj/Hex       ######....   1%          4    None
c - Iskenderun's Battles  Conj/Chrm      ######..     1%          5    None
d - Flame Tongue          Conj/Fire      #####        0%          1    None
e - Conjure Flame         Conj/Fire      #######.     0%          3    None
f - Delayed Fireball      Conj/Fire      N/A          1%          7    ######.
g - Fireball              Conj/Fire      #######...   1%          5    None


Dungeon Overview and Level Annotations

Branches:
    Zot (1/1)

Altars:
Vehumet


Innate Abilities, Weirdness & Mutations

You are agile. (Dex +2)
Armour fits poorly on your strangely shaped body.
You have difficulty communicating with the divine.


Message History

Your giant spore explodes!
The explosion of spores engulfs your giant spore.
Your giant spore explodes!
The explosion of spores engulfs your giant spore.
Your giant spore explodes!
The explosion of spores engulfs you!
You are confused.
The explosion of spores engulfs your giant spore.
Your giant spore explodes!
The explosion of spores engulfs your giant spore.
Your giant spore explodes!
The explosion of spores engulfs your giant spore.
Your giant spore explodes!
The explosion of spores engulfs you!
You are more confused.
* * * LOW HITPOINT WARNING * * *
The explosion of spores engulfs you!
You are more confused.
Ouch! That really hurt!
You die...

▓▓∆▓▓ ▓▓∆▓▓ ▓)|∆▓ ▓∆[)▓
▓▓?▓▓ ▓▓=▓▓ ####
▓▓▓##############▓▓▓ ...#
##..............## ..##
##..........).....## ..#
##..................## .##
#....................# .#
#..........@.........# .##
#....................# ..#
#..)))(..............# ..##
#.))(*...............#
..§###.)).Y)..............#
#.%)###))()Y.(.%.........##
##D))(##)))))...).......##
###))))Y)).).(.)......##
##############)....▓▓


You could see 2 yaks and a friendly giant spore.

Vanquished Creatures
  the Lernaean hydra (Zot)
  Donald (Zot)
  2 very ugly things (Zot)
  A hydra (Zot)
  Harold (Zot)
  2 centaur warriors (Zot)
  Erica (Zot)
  2 tengu warriors (Zot)
  An orc knight (Zot)
  A salamander (Zot)
  2 mana vipers (Zot)
  12 hill giants (Zot)
  18 ugly things (Zot)
  2 centaur zombies (Zot)
  An orange crystal statue (Zot)
  A spiny frog (Zot)
  A giant leech (Zot)
  An efreet (Zot)
  A trapdoor spider (Zot)
  A kobold demonologist (Zot)
  A troll (shapeshifter) (Zot)
  A wraith (Zot)
  A merfolk (Zot)
  2 polar bears (Zot)
  4 trolls (Zot)
  A trapdoor spider zombie (Zot)
  A two-headed ogre (Zot)
  3 deep elf magi (Zot)
  17 slime creatures (Zot)
  A wind drake (Zot)
  An ice dragon zombie (Zot)
  8 ravens (Zot)
  2 hill giant zombies (Zot)
  15 vampires (Zot)
  A hippogriff (Zot)
  6 yaks (Zot)
  A hungry ghost (Zot)
  4 necrophages (Zot)
  A warg (Zot)
  2 hill giant skeletons (Zot)
  Menkaure (Zot)
  5 nagas (Zot)
  A water moccasin (Zot)
  An orc warrior (Zot)
  3 phantoms (Zot)
  6 big kobolds (Zot)
  A yellow wasp (Zot)
  An ice beast (Zot)
  13 black bears (Zot)
  4 ogres (Zot)
  2 boggarts (Zot)
  3 centaurs (Zot)
  4 giant frogs (Zot)
  13 insubstantial wisps (Zot)
  2 scorpions (Zot)
  A warg zombie (Zot)
  14 wights (Zot)
  A tengu zombie (Zot)
  21 jellies (Zot)
  3 hounds (Zot)
  4 orc priests (Zot)
  6 orc wizards (Zot)
  A quasit (Zot)
  3 worker ants (Zot)
  A basilisk skeleton (Zot)
  3 iguanas (Zot)
  A killer bee zombie (Zot)
  A sheep (Zot)
  A mummy (Zot)
  A worker ant zombie (Zot)
  3 gnolls (Zot)
  2 adders (Zot)
  2 green rats (Zot)
  2 orc skeletons (Zot)
  A shadow imp (Zot)
  A giant mite (Zot)
  A worm (Zot)
  2 giant geckos (Zot)
  2 oozes (Zot)
  21 orcs (Zot)
  7 bats (Zot)
  19 goblins (Zot)
  11 hobgoblins (Zot)
  4 jackals (Zot)
  13 kobolds (Zot)
  3 quokkas (Zot)
  2 ball pythons (Zot)
  2 giant newts (Zot)
  5 orc zombies (Zot)
  6 rats (Zot)
357 creatures vanquished.

Vanquished Creatures (collateral kills)
  Xtahua (Zot)
  A stone giant (Zot)
  A griffon (Zot)
  3 slime creatures (Zot)
  A cyclops (Zot)
  A spiny frog (Zot)
  A kobold demonologist (Zot)
  3 boggarts (Zot)
  A redback (Zot)
  A vampire (Zot)
  A wyvern (Zot)
  A deep elf mage (Zot)
  4 yaks (Zot)
  A human zombie (Zot)
  A scorpion (Zot)
  5 big kobolds (Zot)
  8 jellies (Zot)
  A crimson imp (Zot)
  A quasit (Zot)
  An orc priest (Zot)
  A hound (Zot)
  4 iguanas (Zot)
  A worker ant (Zot)
  A necrophage skeleton (Zot)
  A shadow imp (Zot)
  A gnoll (Zot)
  2 green rats (Zot)
  10 adders (Zot)
  4 worms (Zot)
  A giant gecko (Zot)
  4 bats (Zot)
  2 giant cockroaches (Zot)
  6 goblins (Zot)
  A hobgoblin (Zot)
  10 kobolds (Zot)
  6 ball pythons (Zot)
  3 giant newts (Zot)
  23 giant spores (Zot)
  2 jackals (Zot)
  8 rats (Zot)
  6 butterflies (Zot)
135 creatures vanquished.

Vanquished Creatures (others)
  An ice statue (Zot)
  3 orange crystal statues (Zot)
  A burning bush (Zot)
  2 deep elf magi (Zot)
  A hippogriff (Zot)
  2 big kobolds (Zot)
  180 fulminant prisms (Zot)
  A kobold (Zot)
  A ball python (Zot)
  A giant spore (Zot)
  A quokka (Zot)
  A butterfly (Zot)
195 creatures vanquished.

Grand Total: 687 creatures vanquished

Notes
Turn   | Place    | Note
--------------------------------------------------------------
     0 | Zot      | ololoev, the Deep Elf Conjurer, began the quest for the Orb.
     0 | Zot      | Reached XP level 1. HP: 10/10 MP: 5/5
   274 | Zot      | Reached XP level 2. HP: 15/15 MP: 0/8
   294 | Zot      | Reached skill level 5 in Conjurations
   351 | Zot      | Reached XP level 3. HP: 19/19 MP: 0/11
   475 | Zot      | Reached skill level 6 in Conjurations
   475 | Zot      | Reached XP level 4. HP: 24/24 MP: 0/14
   481 | Zot      | Learned a level 4 spell: Fulminant Prism
   498 | Zot      | Reached skill level 1 in Hexes
   710 | Zot      | Reached XP level 5. HP: 28/28 MP: 5/16
   764 | Zot      | Learned a level 5 spell: Iskenderun's Battlesphere
   862 | Zot      | Reached XP level 6. HP: 29/29 MP: 4/18
   862 | Zot      | Reached skill level 1 in Charms
   864 | Zot      | Became a worshipper of Vehumet
   883 | Zot      | Noticed a redback
   939 | Zot      | Reached skill level 7 in Conjurations
   957 | Zot      | Reached skill level 5 in Charms
   957 | Zot      | Reached XP level 7. HP: 33/33 MP: 3/20
   968 | Zot      | Killed a redback
  1000 | Zot      | Noticed a deep elf mage
  1009 | Zot      | Killed a deep elf mage
  1009 | Zot      | Reached skill level 5 in Spellcasting
  1009 | Zot      | Reached skill level 8 in Conjurations
  1009 | Zot      | Reached XP level 8. HP: 38/38 MP: 0/24
  1017 | Zot      | Reached skill level 9 in Conjurations
  1019 | Zot      | Noticed a deep elf mage
  1058 | Zot      | Killed a deep elf mage
  1058 | Zot      | Reached skill level 10 in Conjurations
  1221 | Zot      | Noticed Menkaure
  1239 | Zot      | Killed Menkaure
  1239 | Zot      | Reached XP level 9. HP: 42/42 MP: 14/28
  1301 | Zot      | Acquired Vehumet's first power
  1301 | Zot      | Offered knowledge of Flame Tongue by Vehumet.
  1322 | Zot      | Reached skill level 11 in Conjurations
  1410 | Zot      | Reached skill level 12 in Conjurations
  1536 | Zot      | Reached XP level 10. HP: 47/47 MP: 3/31
  1565 | Zot      | Reached skill level 10 in Spellcasting
  1565 | Zot      | Reached skill level 13 in Conjurations
  1612 | Zot      | Learned a level 1 spell: Flame Tongue
  1668 | Zot      | Reached XP level 11. HP: 51/51 MP: 8/33
  1715 | Zot      | Offered knowledge of Freeze by Vehumet.
  1715 | Zot      | Reached skill level 5 in Fire Magic
  1729 | Zot      | Noticed Harold
  1736 | Zot      | Killed Harold
  1808 | Zot      | Noticed a hill giant
  1816 | Zot      | Noticed a hill giant
  1817 | Zot      | Noticed Donald
  1826 | Zot      | Killed a hill giant
  1836 | Zot      | Killed a hill giant
  1836 | Zot      | Reached skill level 10 in Fire Magic
  1853 | Zot      | Killed Donald
  1853 | Zot      | Reached XP level 12. HP: 56/56 MP: 3/34
  1860 | Zot      | Got a smoking shield {Donald}
  1873 | Zot      | Identified the cursed +5 shield of the Loofah {rElec} (You took it off Donald in the Realm of Zot)
  1902 | Zot      | Reached skill level 1 in Shields
  1915 | Zot      | Offered knowledge of Conjure Flame by Vehumet.
  1961 | Zot      | Learned a level 3 spell: Conjure Flame
  2013 | Zot      | Noticed Erica
  2015 | Zot      | Acquired Vehumet's second power
  2028 | Zot      | Killed Erica
  2110 | Zot      | Reached skill level 5 in Shields
  2195 | Zot      | Noticed a four-headed hydra
  2222 | Zot      | Noticed the 27-headed Lernaean hydra
  2246 | Zot      | Killed a four-headed hydra
  2246 | Zot      | Offered knowledge of Static Discharge by Vehumet.
  2255 | Zot      | Killed the 27-headed Lernaean hydra
  2255 | Zot      | Reached XP level 13. HP: 60/60 MP: 4/35
  2315 | Zot      | Reached skill level 14 in Fire Magic
  2326 | Zot      | Acquired Vehumet's third power
  2398 | Zot      | Offered knowledge of Ignite Poison by Vehumet.
  2466 | Zot      | Reached skill level 10 in Shields
  2507 | Zot      | Reached XP level 14. HP: 55/65 MP: 13/36
  2541 | Zot      | Offered knowledge of Delayed Fireball by Vehumet.
  2552 | Zot      | Learned a level 7 spell: Delayed Fireball
  2695 | Zot      | Reached skill level 15 in Fire Magic
  2830 | Zot      | Reached skill level 15 in Conjurations
  2936 | Zot      | Reached skill level 16 in Fire Magic
  2984 | Zot      | Reached XP level 15. HP: 69/69 MP: 14/37
  2985 | Zot      | Gained mutation: You are agile. (Dex +2) [mutagenic meat]
  2986 | Zot      | Gained mutation: Armour fits poorly on your strangely shaped body. [mutagenic meat]
  2987 | Zot      | Gained mutation: You have difficulty communicating with the divine. [mutagenic meat]
  3110 | Zot      | Reached skill level 17 in Fire Magic
  3184 | Zot      | Offered knowledge of Fireball by Vehumet.
  3194 | Zot      | Learned a level 5 spell: Fireball
  3221 | Zot      | Noticed Xtahua
  3298 | Zot      | Killed Xtahua
  3300 | Zot      | Killed by an exploding giant spore... set off by their pet

Action                   |  1- 3 |  4- 6 |  7- 9 | 10-12 | 13-15 || total
-------------------------+-------+-------+-------+-------+-------++-------
Melee: Unarmed           |     2 |       |       |     1 |       ||     3
 Cast: Magic Dart        |    32 |    13 |    23 |    33 |    15 ||   116
       Fulminant Prism   |       |     9 |    17 |    42 |   113 ||   181
       Iskenderun's Batt |       |       |     3 |     4 |     3 ||    10
       Delayed Fireball  |       |       |       |       |     6 ||     6
       Fireball          |       |       |       |       |     3 ||     3
 Abil: Make oklob saplin |     1 |       |       |       |       ||     1
       Make burning bush |       |     1 |     3 |       |       ||     4
       Make altar        |       |     1 |       |       |       ||     1
       Remove Curse      |       |       |       |     1 |       ||     1
       Make grenades     |       |       |       |       |    14 ||    14
       Release Delayed F |       |       |       |       |     6 ||     6
       Make crystal stat |       |       |       |       |     4 ||     4
       Make ice statue   |       |       |       |       |     1 ||     1
Evoke: Wand              |       |       |       |     3 |       ||     3
  Eat: Chunk             |       |       |       |       |     3 ||     3
